 Dungeon Sprint DCSS version 0.21.1-1-g345015f (webtiles) character file.

1358 Fang the Cleaver (level 8, -9/84 (86) HPs)
             Began as a Minotaur Berserker on Apr 19, 2018.
             Was an Elder of Trog.
             Mangled by a polar bear (20 damage)
             ... in the Dungeon (Sprint II: "The Violet Keep of Menkaure").
             The game lasted 00:04:10 (896 turns).

Fang the Cleaver (Minotaur Berserker)                Turns: 896, Time: 00:04:10

HP:   -9/84 (86)    AC:  2    Str: 24    XL:     8   Next: 37%
MP:   7/7           EV: 15    Int:  4    God:    Trog [****..]
Gold: 275           SH:  0    Dex: 10    Spells: 7/7 levels left

rFire    . . .     SeeInvis .   a - +1 hand axe
rCold    . . .     Gourm    .   (no shield)
rNeg     . . .     Faith    .   b - +0 animal skin
rPois    .         Spirit   .   (helmet restricted)
rElec    .         Reflect  .   (no cloak)
rCorr    .         Harm     .   (no gloves)
MR       .....     NoTele   +   (no boots)
Stlth    +.........             (no amulet)
HPRegen  0.24/turn              (no ring)
MPRegen  0.10/turn              (no ring)

@: very slow
A: retaliatory headbutt, horns 2
a: Berserk, Trog's Hand, Brothers in Arms, Burn Spellbooks, Renounce Religion


You were in the Dungeon.
You worshipped Trog.
Trog was greatly pleased with you.
You were hungry.

You visited 1 branch You collected 972 gold pieces.
You spent 697 gold pieces at shops.

Inventory:

Hand Weapons
 a - a +1 hand axe (weapon)
 j - a +1 halberd of protection
Armour
 b - a +0 animal skin (worn)
Wands
 k - a wand of clouds (4)
Scrolls
 i - 3 scrolls of blinking
Potions
 d - 6 potions of curing
 e - a potion of heal wounds
 f - a potion of haste
 g - 2 potions of magic
 h - a potion of berserk rage
Comestibles
 c - 3 rations


   Skills:
 + Level 13.4 Fighting
 + Level 14.0 Axes
 + Level 7.5 Armour
 + Level 7.9 Dodging
 + Level 0.1 Stealth


You had 7 spell levels left.
You didn't know any spells.

Dungeon Overview and Level Annotations

Branches:
Dungeon (1/1)

Altars:
Cheibriados
Dithmenos
Elyvilon
Fedhas
Gozag
Hepliaklqana
Kikubaaqudgha
Makhleb
Qazlal
Ru
Sif Muna
Trog
Wu Jian
Xom
Beogh
Jiyva
Lugonu

Shops:
D =:%[*[%}=:!!?:[(

Annotations:
D exclusion: oklob plant, Roxanne


Innate Abilities, Weirdness & Mutations

You reflexively headbutt those who attack you in melee.
You have a pair of horns on your head.


Message History

The polar bear completely misses you.
You slash the polar bear!
The polar bear is moderately wounded.
The polar bear growls angrily.
You hit the polar bear. You headbutt the polar bear.
The polar bear is heavily wounded.
You completely miss the polar bear. The polar bear bites you!
* * * LOW HITPOINT WARNING * * *
The polar bear claws you.
* * * LOW HITPOINT WARNING * * *
The polar bear claws you.
* * * LOW HITPOINT WARNING * * *
You closely miss the polar bear. You headbutt the polar bear.
The polar bear is heavily wounded.
You closely miss the polar bear.
The polar bear is engulfed in a cloud of scalding steam.
The polar bear misses you. The polar bear claws you.
* * * LOW HITPOINT WARNING * * *
The polar bear closely misses you. The polar bear bites you!!
You die...

###.#####..##
###'###.##..# .# #
.##.##.#.#..# .# .#
#'.<.'###'..### .##h# !
.##)##.#.#....###...##▓▓
###'###.##.....§§≈c§≈≈≈≈
##...####≈≈...§.≈#+#####
#..#..#≈≈≈≈§≈≈.hh#....._
##...##≈≈≈§≈≈≈≈.@#...._.
≈##'##≈≈≈§§§≈≈§≈≈#..._._
≈≈≈≈≈≈≈§≈§§≈§≈≈≈≈#.._._.
+++#+++#≈≈§§§§≈§≈#._._._
≈;;;;≈≈##§§§###≈≈#_._._.
≈§;;;§§§##≈≈# #≈§#._._._
≈≈§§≈≈≈≈≈+≈≈# #≈≈#.._._.
≈≈≈≈≈≈;≈##≈§≈§≈≈≈#######
≈≈≈§≈≈§###########≈≈≈≈≈≈


You could see 3 polar bears and a yaktaur.

Vanquished Creatures
  A merfolk siren (D)
  A blink frog (D)
  2 hippogriffs (D)
  4 necrophages (D)
  A crocodile (D)
  4 worker ants (D)
13 creatures vanquished.

Vanquished Creatures (others)
  Menkaure (D)
  A crocodile (D)
2 creatures vanquished.

Grand Total: 15 creatures vanquished

Notes
Turn   | Place    | Note
-------+----------+-------------------------------------------
     0 | D        | Fang the Minotaur Berserker began the quest for the Orb.
     0 | D        | Reached XP level 1. HP: 19/19 MP: 0/0
     1 | D        | Noticed a hippogriff
     1 | D        | Noticed a hippogriff
     5 | D        | Noticed a necrophage
     5 | D        | Noticed a necrophage
     5 | D        | Noticed a necrophage
     5 | D        | Noticed a necrophage
    11 | D        | Killed a necrophage
    11 | D        | Reached skill level 7 in Axes
    11 | D        | Reached XP level 2. HP: 34/34 MP: 1/1
    11 | D        | Reached XP level 3. HP: 39/39 MP: 2/2
    11 | D        | Reached XP level 4. HP: 47/47 MP: 3/3
    15 | D        | Killed a necrophage
    15 | D        | Reached skill level 9 in Axes
    15 | D        | Reached XP level 5. HP: 54/54 MP: 4/4
    16 | D        | Killed a necrophage
    16 | D        | Reached ** piety under Trog
    16 | D        | Reached skill level 10 in Axes
    16 | D        | Reached skill level 5 in Armour
    16 | D        | Reached skill level 5 in Dodging
    16 | D        | Killed a necrophage
    16 | D        | Reached skill level 10 in Fighting
    16 | D        | Reached XP level 6. HP: 65/65 MP: 5/5
   137 | D        | Noticed a merfolk siren
   137 | D        | Killed Menkaure
   147 | D        | Killed a merfolk siren
   147 | D        | Reached *** piety under Trog
   147 | D        | Reached skill level 12 in Axes
   147 | D        | Reached XP level 7. HP: 73/73 MP: 6/6
   179 | D        | Reached **** piety under Trog
   364 | D        | Killed a hippogriff
   364 | D        | Reached skill level 13 in Axes
   367 | D        | Killed a hippogriff
   367 | D        | Reached XP level 8. HP: 83/83 MP: 7/7
   411 | D        | Noticed Roxanne
   423 | D        | Found Luaqyl's Antique Armour Shoppe.
   423 | D        | Found Saocs's Antique Weapon Emporium.
   425 | D        | Found Muofiax's Distillery.
   425 | D        | Found Zofud's Magic Scroll Shoppe.
   425 | D        | Found Niajuz's Book Emporium.
   426 | D        | Found Emuneogh's Jewellery Emporium.
   426 | D        | Found Vuovos's Gadget Shoppe.
   426 | D        | Found Puxed's Book Shoppe.
   426 | D        | Found Giuck's Distillery.
   427 | D        | Found Arho's General Store.
   427 | D        | Found Fenatuc's Antique Armour Shoppe.
   427 | D        | Found Zicroup's Food Emporium.
   428 | D        | Noticed a spiny frog
   434 | D        | Found Cufuonit's Antique Armour Shoppe.
   434 | D        | Found Moang's Food Emporium.
   434 | D        | Noticed a spiny frog
   434 | D        | Noticed an oklob plant
   435 | D        | Found Doushrate's Jewellery Shoppe.
   435 | D        | Found Jesicw's Book Shoppe.
   448 | D        | Bought 2 potions of curing for 72 gold pieces
   448 | D        | Bought a potion of curing for 36 gold pieces
   448 | D        | Bought a potion of curing for 36 gold pieces
   448 | D        | Bought a potion of curing for 36 gold pieces
   450 | D        | Bought a scroll of blinking for 82 gold pieces
   450 | D        | Bought a scroll of blinking for 82 gold pieces
   450 | D        | Bought a scroll of enchant weapon for 82 gold pieces
   453 | D        | Bought a +1 halberd of protection for 141 gold pieces
   458 | D        | Bought a ration for 65 gold pieces
   458 | D        | Bought a ration for 65 gold pieces
   460 | D        | Noticed an ice dragon
   508 | D        | Noticed a blink frog
   586 | D        | Killed a blink frog
   586 | D        | Reached skill level 14 in Axes
   885 | D        | Found a roughly hewn altar of Beogh.
   886 | D        | Found a snail-covered altar of Cheibriados.
   886 | D        | Found a hazy altar of Hepliaklqana.
   888 | D        | Found a shadowy altar of Dithmenos.
   888 | D        | Found a viscous altar of Jiyva.
   888 | D        | Found a stormy altar of Qazlal.
   889 | D        | Found a white marble altar of Elyvilon.
   889 | D        | Found an ancient bone altar of Kikubaaqudgha.
   889 | D        | Found a sacrificial altar of Ru.
   889 | D        | Noticed a polar bear
   890 | D        | Noticed a polar bear
   890 | D        | Found a corrupted altar of Lugonu.
   890 | D        | Found a blossoming altar of Fedhas.
   890 | D        | Found a deep blue altar of Sif Muna.
   890 | D        | Found an ornate altar of the Wu Jian Council.
   891 | D        | Noticed a polar bear
   891 | D        | Found a burning altar of Makhleb.
   891 | D        | Found a bloodstained altar of Trog.
   891 | D        | Found an opulent altar of Gozag.
   891 | D        | Found a shimmering altar of Xom.
   892 | D        | Noticed a yaktaur
   896 | D        | Mangled by a polar bear

Skill      XL: |  1  2  3  4  5  6  7  8 |
---------------+-------------------------+-----
Fighting       | 7 8 10 11 12 13 | 13.4
Axes           | 7 9 10 12 13 14 | 14.0
Armour         | 4 5 6 7 |  7.5
Dodging        | 3 4 5 6 7 |  7.9
Stealth        | |  0.1

Action                   |  1- 3 |  4- 6 |  7- 9 || total
-------------------------+-------+-------+-------++-------
Melee: Hand axe          |     3 |     8 |    28 ||    39
       Headbutt          |     1 |     1 |     6 ||     8
Invok: Berserk           |     1 |     1 |     1 ||     3
  Use: Scroll            |       |       |     1 ||     1
  Eat: Chunk             |       |       |     2 ||     2
Armor: Animal skin       |       |     1 |     2 ||     3
Dodge: Dodged            |     1 |     4 |    29 ||    34
